 Dungeon Crawl Stone Soup version 0.30-a0-39-g42789b21ef (webtiles) character file.

Game seed: 11637296955857246369

975 ytrimaz the Changer (level 8, 0/48 HPs)
             Began as an Octopode Transmuter on Aug 28, 2022.
             Was an Initiate of Ashenzari.
             Succumbed to a scorpion's poison
             ... on level 5 of the Dungeon.
             The game lasted 00:04:51 (4718 turns).

ytrimaz the Changer (Octopode Transmuter)           Turns: 4718, Time: 00:04:51

Health: 0/48       AC:  2    Str: 10    XL:     8   Next: 16%
Magic:  12/15      EV: 19    Int: 17    God:    Ashenzari [......]
Gold:   236        SH:  0    Dex: 17    Spells: 6/16 levels left

rFire   . . .      SeeInvis .      - Unarmed
rCold   + . .      Faith    .    (shield currently unavailable)
rNeg    . . .      Spirit   .    (helmet currently unavailable)
rPois   x          Reflect  .    d - amulet of the acrobat
rElec   .          Harm     .    c - ring "Cursed Omen" {rC+, Cun, Alch} (curse)
rCorr   .          Rampage  .    (no ring)
Will    .....                    (no ring)
Stlth   ++........               (no ring)
HPRegen 0.16/turn                (no ring)
MPRegen 0.14/turn                (no ring)
                                 (no ring)
                                 (no ring)

@: lethally poisoned (0 -> -34), spider-form
A: venomous fangs, almost no armour, (amphibious), 8 rings, tiny, (camouflage
1), (gelatinous body 1), (nimble swimmer 1), (tentacles)
a: End Transformation, Renounce Religion, Shatter the Chains


You were on level 5 of the Dungeon.
You worshipped Ashenzari.
Ashenzari was noncommittal.
You were a venomous arachnid creature.
You visited 1 branch of the dungeon, and saw 5 of its levels.

You collected 236 gold pieces.

Inventory:

Jewellery
 c - the cursed ring "Cursed Omen" (left front leg) {rC+, Cun, Alch}
   (You found it on level 1 of the Dungeon)

   [ring of protection from cold]

   rC:        It protects you from cold.
   It has a curse which improves the following skills: Cunning: Dodging and
   Stealth.
   Alchemy:   Poison Magic and Transmutations.
 d - an amulet of the acrobat (around neck)
Scrolls
 b - 3 scrolls of teleportation
Potions
 a - a potion of lignification
 e - a potion of cancellation
 f - a potion of invisibility
 g - a potion of heal wounds
 h - 2 potions of berserk rage
 i - 3 potions of curing
 j - a potion of attraction
 k - a potion of might
 l - 2 potions of haste {unknown}


   Skills:
 - Level 1.0 Fighting
 - Level 2.0(2.3) Dodging
 - Level 4.1 Unarmed Combat
 + Level 4.7 Spellcasting
 + Level 5.0(5.4) Transmutations
 - Level 4.0 Ice Magic
 - Level 4.0(4.3) Poison Magic


You had 6 spell levels left.
You knew the following spells:

 Your Spells              Type           Power      Damage    Failure   Level
a - Beastly Appendage     Tmut           44%        N/A       7%          1
b - Wereblood             Tmut           22%        N/A       9%          2
c - Spider Form           Tmut/Pois      20%        N/A       17%         3
d - Ice Form              Ice/Tmut       20%        N/A       43%         4

Your spell library contained the following spells:

 Spells                   Type           Power      Damage    Failure   Level
 Apportation              Tloc           8%         N/A       32%         1
 Necrotise                Necr           16%        1d4       32%         1
 Summon Small Mammal      Summ           16%        N/A       32%         1
 Static Discharge         Conj/Air       8%         3-4/arc   43%         2
 Call Canine Familiar     Summ           4%         N/A       63%         3
 Summon Guardian Golem    Hex/Summ       4%         N/A       63%         3
 Hailstorm                Conj/Ice       10%        3d5       75%         4
 Dispel Undead            Necr           4%         3d7       93%         4
 Sticky Flame             Conj/Fire      4%         2d3       93%         4
 Simulacrum               Ice/Necr       5%         N/A       100%        6


Dungeon Overview and Level Annotations

Branches:
Dungeon (5/15)
 Temple: D:4-7

Altars:
Ashenzari
Ru
Yredelemnul

Shops:
D:2 [


Innate Abilities, Weirdness & Mutations

You are a venomous arachnid creature.
You have poisonous fangs.
You are tiny and dextrous.
Your spellcasting is less reliable in this form.
Your armour is entirely melded.
You are incapable of wielding weapons or throwing items.
You cannot wear most types of armour.
((You are amphibious.))
You can wear up to eight rings at the same time.
((Your skin changes colour to match your surroundings (Stealth+).))
((Your rubbery body absorbs attacks. (AC +1, EV +1)))
((You are camouflaged when in or above water. (Stealth+)))
((You have tentacles for arms and can constrict up to eight enemies at once.))


Message History

Key pressed, stopping explore.
No target in view!
Your transformation is almost over.
Your transformation has ended.
No target in view!
A scorpion comes into view.
The scorpion stings you.
You are poisoned.
The scorpion poisons you!
A scorpion is nearby!
You tentacle-slap the scorpion but do no damage.
Your grab misses the scorpion.
You feel sick. The scorpion stings you.
A scorpion is nearby!
A scorpion is nearby!
You barely miss the scorpion. You grab the scorpion. You squeeze the scorpion.
The scorpion is moderately wounded.
You constrict the scorpion.
You feel sick. The scorpion barely misses you.
Casting: Spider Form (dangerous; 6% risk of failure)
Confirm with . or Enter, or press ? or * to list all spells.
You turn into a venomous arachnid creature.
You lose your grip on the scorpion.
You feel sick. The scorpion stings you. The scorpion stings you!
You are lethally poisoned!
The scorpion poisons you!
You hit the scorpion but do no damage.
The scorpion is poisoned.
The scorpion is heavily wounded.
You feel very sick. The scorpion stings you.
You are more poisoned.
The scorpion poisons you!
You are too injured to fight recklessly!
You barely miss the scorpion.
The scorpion is heavily wounded.
* * * LOW HITPOINT WARNING * * *
You feel extremely sick. The scorpion completely misses you.
Unknown command.
You hit the scorpion but do no damage.
The scorpion looks as sick as possible!
The scorpion is severely wounded.
You die...

#######..####<#
#.#.###.#
#....)).......#
#.#.###.#
#.#####.......#
#.#..##.# ##.#
#########
#.##.##.# ###..#
####### #.......#
##....## #.....#
#.......# .......#
#.....# #.##.##.#
.###.#.# #....s#
#.##.##.# .#...#.#
#....s####.##.##.#
.#.###.#
#..........##.##.#
.......#
###..#####.##.##.#
.#.###.# #...
#.......# ...# .#
#.#. #.##.# ##
.### .# #... #.# #
... # #. ..# ..##
#. .## .## .


You could see a scorpion (extremely poisoned).

Vanquished Creatures
  Sigmund (D:2)
  Pargi (D:4)
  An ogre (D:5)
  A scorpion (D:4)
  A howler monkey (D:5)
  An orc priest (D:5)
  4 hounds
  A jelly (D:4)
  A scorpion zombie (D:4)
  Natasha (twice) (D:4)
  An iguana (D:5)
  An orc wizard (D:5)
  7 gnolls
  8 adders
  A white imp (D:5)
  An adder zombie (D:4)
  4 worms
  4 dart slugs
  5 orcs
  4 ball pythons
  4 endoplasms
  3 giant cockroaches
  5 goblins
  6 hobgoblins
  3 quokkas
  4 bats
  3 frilled lizards
  4 kobolds
  4 rats
86 creatures vanquished.

Vanquished Creatures (others)
  5 demonic plants (D:1)
  2 fungi (D:1)
  A plant (D:1)
  A withered plant (D:1)
9 creatures vanquished.

Grand Total: 95 creatures vanquished

Notes
Turn   | Place    | Note
-------+----------+-------------------------------------------
     0 | D:1      | ytrimaz the Octopode Transmuter began the quest for the
                  | Orb.
     0 | D:1      | Reached XP level 1. HP: 13/13 MP: 3/3
   214 | D:1      | Reached XP level 2. HP: 18/18 MP: 3/5
   239 | D:1      | Found a faded altar of an unknown god.
   667 | D:1      | Reached XP level 3. HP: 23/23 MP: 6/6
   698 | D:1      | Learned a level 2 spell: Wereblood
   710 | D:1      | Learned a level 3 spell: Spider Form
  1130 | D:2      | Reached skill level 1 in Poison Magic
  1152 | D:2      | Found Ahul's Antique Armour Emporium.
  1174 | D:2      | Noticed Sigmund
  1205 | D:2      | Killed Sigmund
  1206 | D:2      | Reached skill level 3 in Transmutations
  1206 | D:2      | Reached XP level 4. HP: 28/28 MP: 3/8
  1206 | D:2      | Reached XP level 5. HP: 33/33 MP: 3/9
  1342 | D:2      | Reached XP level 6. HP: 32/38 MP: 8/10
  2055 | D:3      | Learned a level 4 spell: Ice Form
  2250 | D:3      | Reached skill level 1 in Ice Magic
  2501 | D:3      | Found a broken altar of Ashenzari.
  2515 | D:3      | Found a sacrificial altar of Ru.
  2517 | D:3      | Became a worshipper of Ashenzari the Shackled
  2662 | D:4      | Noticed Pargi
  2665 | D:4      | Noticed Natasha
  2673 | D:4      | Killed Pargi
  2678 | D:4      | Reached XP level 7. HP: 20/43 MP: 6/12
  2680 | D:4      | Killed Natasha
  3506 | D:4      | Reached skill level 4 in Transmutations
  3848 | D:4      | Noticed Natasha
  3853 | D:4      | Killed Natasha
  3949 | D:4      | Found a basalt altar of Yredelemnul.
  3999 | D:5      | Entered Level 5 of the Dungeon
  4272 | D:5      | Reached XP level 8. HP: 36/48 MP: 14/14
  4685 | D:5      | Reached skill level 5 in Transmutations
  4718 | D:5      | Succumbed to a scorpion's poison

Illustrated notes

Levels and vault maps discovered:
D:1:      beargit_arrival_greenhouse, layout_rooms,
          shapermc_ecumenical_altar_gd, st_stairs_5
D:2:      layout_rooms, serial_shops, nicolae_shop_crystal, feat_on_display,
          uniq_sigmund
D:3:      layout_basic, minitemple, serial_curves, eino_curves_04,
          eino_curves_01, minmay_cupped
D:4:      layout_loops_cross, lemuel_zombie_altar_yredelemnul, uniq_natasha,
          uniq_pargi
D:5:      layout_loops_cross, zin_treasury,
          nicolae_concentric_dashed_squares_wild, minmay_misc_feat_roman

Skill      XL: |  1  2  3  4  5  6  7  8 |
---------------+-------------------------+-----
Unarmed Combat | 4 |  4.1
Poison Magic   | 3 4 |  4.0
Transmutations | 3 4 5 |  5.0
Spellcasting   | 3 4 |  4.7
Ice Magic      | 2 4 |  4.0
Fighting       | |  1.0
Dodging        | |  2.0

Action                   |  1- 3 |  4- 6 |  7- 9 || total
-------------------------+-------+-------+-------++-------
Melee: Unarmed           |    59 |    71 |   114 ||   244
       Constrict         |    17 |    14 |     3 ||    34
       Kick              |    12 |    13 |       ||    25
       Tentacles         |     5 |     8 |     2 ||    15
       Punch             |     1 |       |       ||     1
 Cast: Beastly Appendage |     8 |     9 |       ||    17
       Spider Form       |     2 |     5 |    19 ||    26
       Wereblood         |       |     1 |     3 ||     4
Invok: Curse Item        |       |       |     1 ||     1
  Use: Potion            |     2 |       |     1 ||     3
       Scroll            |     3 |     6 |     2 ||    11
 Stab: Sleeping          |     3 |     2 |     1 ||     6
Armor: Skin              |     5 |     1 |     4 ||    10
Dodge: Dodged            |    45 |    63 |    72 ||   180

Table legend: (Time is in decaauts)
 A = Elapsed time spent in this place.
 B = Non-inter-level travel time spent in this place.
 C = Inter-level travel time spent in this place.
 D = Time resting spent in this place.
 E = Time spent auto-exploring this place.
 F = Levels seen in this place.
 G = Mean time per level.
                   A        B        C        D        E       F      G
               +--------+--------+--------+--------+--------+-----+--------+
         Total |   4699 |   4609 |     90 |    248 |   3584 |   5 |  939.8 |
       Dungeon |   4699 |   4609 |     90 |    248 |   3584 |   5 |  939.8 |
               +--------+--------+--------+--------+--------+-----+--------+

Top non-repeatable levels by time:
     D:4: 1333 daAuts
     D:1: 1120 daAuts
     D:2: 913 daAuts
     D:5: 714 daAuts
     D:3: 617 daAuts
